 Dungeon Crawl Stone Soup version 0.28.0-47-ge53b351184 (webtiles) character file.

Game seed: 3228374276902748434

1586 issech the Cudgeller (level 8, -33/71 HPs)
             Began as a Troll Fighter on Apr 30, 2022.
             Was a Believer of Hepliaklqana.
             Annihilated by a boulder beetle (52 damage)
             ... on level 7 of the Dungeon.
             The game lasted 00:24:09 (7307 turns).

issech the Cudgeller (Troll Fighter)                Turns: 7307, Time: 00:24:09

Health: -33/71     AC:  5    Str: 25    XL:     8   Next: 61%
Magic:  0/7        EV: 10    Int:  4    God:    Hepliaklqana [**....]
Gold:   369        SH:  8    Dex: 11    Spells: 7/7 levels left

rFire   . . .      SeeInvis .   y - +3 flail (protect)
rCold   . . .      Faith    .   c - +0 kite shield
rNeg    . . .      Spirit   +   b - +0 robe
rPois   .          Reflect  .   (helmet restricted)
rElec   .          Harm     .   g - +0 cloak
rCorr   .          Rampage  .   (gloves unavailable)
Will    .....                   (boots unavailable)
Stlth   +.........              m - amulet of guardian spirit
HPRegen 1.01/turn               (no ring)
MPRegen 0.10/turn               (no ring)

@: no status effects
A: reduced essence, large, unfitting armour, claws 3, regeneration 1, shaggy fur
1, tough skin 1
a: Renounce Religion, Recall Ancestor, Ancestor Identity


You were on level 7 of the Dungeon.
You worshipped Hepliaklqana.
Hepliaklqana was pleased with you.
You visited 2 branches of the dungeon, and saw 9 of its levels.
You also visited: Sewer.

You collected 369 gold pieces.

Inventory:

Hand Weapons
 a - a +0 flail
 e - a +0 long sword
 y - a +3 flail of protection (weapon)
 z - a +1 whip of venom
 A - a +4 whip
 E - a +1 vorpal falchion
 N - a +2 dagger of venom
 O - a +1 long sword of protection
Missiles
 f - 104 stones (quivered)
 j - 5 poisoned darts
 w - 121 arrows
 x - 5 javelins
 I - 22 bolts
 J - 9 sling bullets
 M - a curare-tipped dart
Armour
 b - a +0 robe (worn)
 c - a +0 kite shield (worn)
 g - a +0 cloak (worn)
Jewellery
 m - an amulet of guardian spirit (around neck)
Wands
 K - a wand of flame (29)
Scrolls
 h - 2 scrolls of amnesia
 i - 2 scrolls of noise
 l - 3 scrolls of vulnerability
 n - 3 scrolls of immolation
 q - a scroll of torment
 s - a scroll of blinking
 t - a scroll of magic mapping
 u - a scroll of fear
 v - a scroll of enchant armour
 D - a scroll of enchant weapon {unknown}
Potions
 d - 3 potions of might
 k - 2 potions of haste {unknown}
 o - 5 potions of curing {unknown}
 p - 2 potions of heal wounds {unknown}
 r - 2 potions of flight {unknown}
 B - a potion of resistance {unknown}
 C - a potion of invisibility {unknown}
 F - 3 potions of degeneration {unknown}
 G - a potion of attraction {unknown}
 H - 3 potions of ambrosia {unknown}
 L - a potion of magic {unknown}


   Skills:
 + Level 4.3 Fighting
 + Level 3.3 Long Blades
 + Level 5.4 Maces & Flails
 + Level 4.9 Dodging
 + Level 1.1 Stealth
 + Level 4.1 Shields


You had 7 spell levels left.
You didn't know any spells.
Your spell library contained the following spells:

 Spells                   Type           Power      Damage    Failure   Level
 Blink                    Tloc           0%         N/A       89%         2
 Static Discharge         Conj/Air       0%         N/A       89%         2
 Gell's Gravitas          Tloc           0%         N/A       98%         3
 Lesser Beckoning         Tloc           0%         N/A       98%         3
 Stone Arrow              Conj/Erth      0%         3d7       98%         3
 Teleport Other           Tloc           0%         N/A       98%         3
 Animate Armour           Summ/Erth      0%         N/A       100%        4
 Lightning Bolt           Conj/Air       0%         1d11      100%        5
 Manifold Assault         Tloc           0%         N/A       100%        5
 Storm Form               Tmut/Air       0%         N/A       100%        7
 Lehudib's Crystal Spear  Conj/Erth      0%         10d2      100%        8
 Maxwell's Capacitive Co  Air            0%         ∞         100%        8


Dungeon Overview and Level Annotations

Branches:
Dungeon (8/15)             Temple (1/1) D:5           Sewer (visited)
   Lair: D:8-11

Altars:
Ashenzari
Cheibriados
Dithmenos
Elyvilon
Fedhas
Gozag
Hepliaklqana
Kikubaaqudgha
Nemelex Xobeh
Okawaru
Qazlal
Ru
Sif Muna
Trog
Uskayaw
Vehumet
Wu Jian
Xom
Yredelemnul
Zin
The Shining One

Shops:
D:6 =


Innate Abilities, Weirdness & Mutations

Your life essence is reduced to manifest your ancestor. (-10% HP)
You are too large for most types of armour.
You have claws for hands.
Your natural rate of healing is unusually fast.
You are covered in fur. (AC +1)
You have tough skin. (AC +1)


Message History

Something hits Aula.
Something bites Aula!
Aula hits the boulder beetle with a +0 quarterstaff.
The boulder beetle bites Aula!
Aula is destroyed!
The boulder beetle bites you!! The boulder beetle bites you!!
You hit the boulder beetle but do no damage.
Your weapon exudes an aura of protection.
The boulder beetle bites you!
You hit the boulder beetle but do no damage.
The boulder beetle barely misses you. You block the boulder beetle's attack.
The boulder beetle curls into a ball and begins rolling!
The boulder beetle misses you.
The boulder beetle stops rolling and uncurls.
The boulder beetle curls into a ball and begins rolling!
There is an open door here.
The boulder beetle hits you!!
* * * LOW HITPOINT WARNING * * *
The boulder beetle stops rolling and uncurls.
The boulder beetle curls into a ball and begins rolling!
There is a stone staircase leading up here.
The boulder beetle hits you!
* * * LOW HITPOINT WARNING * * *
The boulder beetle stops rolling and uncurls.
You climb upwards.
There is a stone staircase leading down here.
The boulder beetle barely misses you.
You climb downwards.
There is a stone staircase leading up here.
You block the boulder beetle's attack.
The boulder beetle curls into a ball and begins rolling!
You block the boulder beetle's attack.
The boulder beetle stops rolling and uncurls.
The boulder beetle curls into a ball and begins rolling!
There is an open door here.
The boulder beetle hits you!!!
Ouch! That really hurt!
You die...

####..##.##.#...### ##.##
#...........##.## #.#
#.##.######.##.# #.#
#.##.######.##.# ##.##
#.##........##+## ##.#.#
#.###########...## #.###.
#.#### ##.....## ##.#R#
#....## ##.......## ##.##
###...####@........####....
#.......'.B....<..'.......
##...####.........####....
#####.######.......## ##.#.
#.........###.....## ###.
#.###.###.# ##...## #. #.#
#.# ##'## #. #># #.# #.# #.
#..##.#####.##### #.


You could see a boulder beetle (rolling).

Vanquished Creatures
  Menkaure (D:6)
  3 black bears
  A necrophage (D:5)
  An ogre (D:7)
  A centaur (D:6)
  3 bullfrogs
  A kobold brigand (D:7)
  A scorpion (D:4)
  A bullfrog zombie (D:6)
  2 jellies (D:5)
  A gnoll shaman (D:3)
  4 iguanas
  An orc wizard (D:6)
  A howler monkey zombie (D:6)
  8 gnolls
  15 adders
  4 river rats (Sewer)
  3 adder skeletons (D:4)
  5 orcs
  9 ball pythons
  7 endoplasms
  5 giant cockroaches
  7 goblins
  6 hobgoblins
  7 jackals
  7 kobolds
  6 quokkas
  11 bats
  13 frilled lizards
  5 rats
140 creatures vanquished.

Vanquished Creatures (others)
  A battlemage (D:7)
1 creature vanquished.

Grand Total: 141 creatures vanquished

Notes
Turn   | Place    | Note
-------+----------+-------------------------------------------
     0 | D:1      | issech the Troll Fighter began the quest for the Orb.
     0 | D:1      | Reached XP level 1. HP: 22/22 MP: 0/0
   217 | D:1      | Reached XP level 2. HP: 29/29 MP: 1/1
   616 | D:1      | Reached XP level 3. HP: 36/36 MP: 2/2
   913 | D:2      | Reached skill level 1 in Long Blades
  1904 | D:2      | Reached XP level 4. HP: 44/44 MP: 3/3
  2987 | D:4      | Noticed a scorpion
  3001 | D:4      | Killed a scorpion
  3002 | D:4      | Reached XP level 5. HP: 44/52 MP: 2/4
  3169 | D:3      | Reached XP level 6. HP: 24/61 MP: 1/5
  3567 | D:3      | Reached skill level 2 in Maces & Flails
  4271 | D:5      | Entered Level 5 of the Dungeon
  4291 | D:5      | Found a glowing drain.
  4334 | Sewer    | Entered a sewer
  4392 | Sewer    | Reached XP level 7. HP: 67/67 MP: 4/6
  4841 | D:5      | You fall into a shaft and drop 1 floor!
  4919 | D:5      | Reached skill level 3 in Maces & Flails
  5001 | D:5      | Found a staircase to the Ecumenical Temple.
  5008 | Temple   | Entered the Ecumenical Temple
  5228 | Temple   | Became a worshipper of Hepliaklqana the Forgotten
  5699 | D:6      | Reached skill level 4 in Maces & Flails
  5745 | D:6      | Reached XP level 8. HP: 75/78 MP: 7/7
  5772 | D:6      | Noticed Menkaure
  5780 | D:6      | Killed Menkaure
  5781 | D:6      | Reached skill level 1 in Stealth
  5851 | D:6      | Reached * piety under Hepliaklqana
  6030 | D:6      | Found Husko Nan's Jewellery Shoppe.
  6366 | D:6      | Reached skill level 5 in Maces & Flails
  6660 | D:7      | Noticed a boulder beetle
  7161 | D:7      | Reached ** piety under Hepliaklqana
  7162 | D:7      | Remembered your ancestor Aula as a battlemage
  7307 | D:7      | Annihilated by a boulder beetle

Illustrated notes

Levels and vault maps discovered:
D:1:      dpeg_arrival_round_b, layout_loops_cross
D:2:      minmay_razor_zed, layout_basic, chequers_avenue,
          amcnicky_mini_pool_small, kennysheep_pointless_box,
          small_statue_intersection
D:3:      layout_loops_cross, roderic_lattice_a
D:4:      layout_gridville, minmay_pentomino_pile
D:5:      layout_rooms, temple_doors_e, gup_sewer_entry_glass
D:6:      layout_basic, serial_shops, nicolae_lakefront_shop, uniq_menkaure
D:7:      layout_loops_corners, hex_medium
D:8:      layout_basic, uniq_grum, uniq_maggie
Temple:   mainiacjoe_temple_archimedes_tessellation

Skill      XL: |  1  2  3  4  5  6  7  8 |
---------------+-------------------------+-----
Long Blades    | 1 2 3 |  3.3
Dodging        | 3 4 |  4.9
Fighting       | 3 4 |  4.3
Shields        | 3 4 |  4.1
Maces & Flails | 2 4 5 |  5.4
Stealth        | 1 |  1.1

Action                   |  1- 3 |  4- 6 |  7- 9 || total
-------------------------+-------+-------+-------++-------
Melee: Long sword        |   147 |   137 |       ||   284
       Flail             |     1 |    76 |   161 ||   238
Throw: Stone             |       |     8 |     2 ||    10
Invok: Ancestor Life: Ba |       |       |     1 ||     1
  Use: Scroll            |       |     7 |     2 ||     9
 Stab: Sleeping          |       |     1 |     1 ||     2
Armor: Robe              |    93 |    84 |    93 ||   270
Dodge: Dodged            |    93 |   113 |    69 ||   275
Block: Kite shield       |    74 |   115 |    69 ||   258
